 Dungeon Crawl Stone Soup version 0.25-a0-565-g8875c97ebb (webtiles) character file.

Game seed: 7446816168752503825, levelgen mode: deterministic

18 MisterFreud the Vandal (level 2, -1/19 HPs)
             Began as a Halfling Hunter on Feb 26, 2020.
             Slain by a goblin (3 damage)
             ... on level 3 of the Dungeon.
             The game lasted 00:02:03 (1238 turns).

MisterFreud the Vandal (Halfling Hunter)            Turns: 1238, Time: 00:02:03

Health: -1/19      AC:  4    Str: 13    XL:     2   Next: 90%
Magic:  2/2        EV: 14    Int:  9    God:
Gold:   76         SH:  0    Dex: 14    Spells: 1/1 levels left

rFire    . . .     SeeInvis .   b - +0 short sword
rCold    . . .     Gourm    .   (shield restricted)
rNeg     . . .     Faith    .   c - +0 leather armour
rPois    .         Spirit   .   (no helmet)
rElec    .         Reflect  .   (no cloak)
rCorr    .         Harm     .   l - +0 pair of gloves
MR       .....                  (no boots)
Stlth    +.........             (no amulet)
HPRegen  0.06/turn              (no ring)
MPRegen  0.08/turn              (no ring)

@: no status effects
A: small, mutation resistance 1
a: no special abilities


You were on level 3 of the Dungeon.
You were not hungry.

You visited 1 branch of the dungeon, and saw 3 of its levels.

You collected 76 gold pieces.

Inventory:

Hand Weapons
 a - a +1 hunting sling
 b - a +0 short sword (weapon)
Missiles
 d - 20 sling bullets
Armour
 c - a +0 leather armour (worn)
 l - a +0 pair of gloves (worn)
Scrolls
 e - a scroll of enchant armour {unknown}
 k - a scroll of remove curse {unknown}
Potions
 g - a potion of haste {unknown}
 i - a potion of mutation {unknown}
 j - a potion of cancellation {unknown}
Comestibles
 f - 3 rations
 m - 6 chunks of flesh


   Skills:
 - Level 1.7 Fighting
 + Level 2.8 Short Blades
 - Level 5.8 Slings
 - Level 2.1 Dodging
 - Level 1.1 Stealth


You had one spell level left.
You didn't know any spells.
Your spell library was empty.

Dungeon Overview and Level Annotations

Branches:
Dungeon (2/15)

Altars:

Annotations:
D:3 Robin


Innate Abilities, Weirdness & Mutations

You are small and have problems with some larger weapons.
You are somewhat resistant to further mutation.


Message History

Your surroundings suddenly seem different.
An adder comes into view.
Robin barely misses you.
Found a leather armour.
Unknown command.
As you read the scroll of teleportation, it crumbles to dust.
You feel strangely unstable. Robin hits you with a +7 club.
* * * LOW HITPOINT WARNING * * *
Your surroundings suddenly seem different.
A goblin comes into view.
Found four items.
A hobgoblin comes into view.
The hobgoblin moves out of view.
The goblin hits you.
* * * LOW HITPOINT WARNING * * *
You hit the goblin.
The goblin is moderately wounded.
The goblin hits you.
You die...

#######..)..[..
....[..
#######.......
#.............
#.............
#......?......
#.........#
#.....g...#
#?...@....#
#.........##...
#.[............
#.....$.......g
########.......
....... .......
....### ....#


You could see a goblin.

Vanquished Creatures
  5 bats
  5 goblins (D:1)
  A hobgoblin (D:1)
  2 ball pythons
  2 kobolds (D:1)
  3 rats
18 creatures vanquished.

Notes
Turn   | Place    | Note
-------+----------+-------------------------------------------
     0 | D:1      | MisterFreud the Halfling Hunter began the quest for the
                  | Orb.
     0 | D:1      | Reached XP level 1. HP: 14/14 MP: 1/1
    51 | D:1      | Reached skill level 1 in Short Blades
   165 | D:1      | Reached XP level 2. HP: 18/19 MP: 2/2
  1223 | D:2      | You fall into a shaft and drop 1 floor!
  1223 | D:3      | Noticed Robin
  1238 | D:3      | Slain by a goblin

Levels and vault maps discovered:
D:1:      erik_arrival_triangle_large, layout_loops_corners, minmay_misc_feat_x
D:2:      layout_basic
D:3:      layout_basic, kennysheep_slug_shrine, uniq_robin, uniq_grinder

Skill      XL: |  1  2 |
---------------+-------+-----
Short Blades   | 1 2 |  2.8
Fighting       | |  1.7
Slings         | |  5.8
Dodging        | |  2.1
Stealth        | |  1.1

Action                   || total
-------------------------++-------
Melee: Short sword       ||    49
 Fire: Hunting sling     ||     5
  Use: Scroll            ||     2
 Stab: Distracted        ||     1
       Sleeping          ||     1
  Eat: Chunk             ||     1
Armor: Leather armour    ||    10
Dodge: Dodged            ||    48

Table legend:
 A = Non-vault XP
 B = Vault XP
 C = Vault XP percentage of total XP
 D = Non-vault monster count
 E = Vault monster count
 F = Vault count percentage of total count
                 A         B        C        D         E       F
            +---------+---------+-------+---------+---------+-------
      Total |      27 |       0 |   0.0 |      18 |       0 |   0.0
            +---------+---------+-------+---------+---------+-------
        D:1 |      23 |       0 |   0.0 |      15 |       0 |   0.0
        D:2 |       4 |       0 |   0.0 |       3 |       0 |   0.0
            +---------+---------+-------+---------+---------+-------
